%YAML 1.1
%TAG !u! tag:unity3d.com,2011:
--- !u!1001 &100100000
Prefab:
  m_ObjectHideFlags: 1
  serializedVersion: 2
  m_Modification:
    m_TransformParent: {fileID: 0}
    m_Modifications: []
    m_RemovedComponents: []
  m_SourcePrefab: {fileID: 0}
  m_RootGameObject: {fileID: 1509354476535612}
  m_IsPrefabAsset: 1
--- !u!1 &1263675764437290
GameObject:
  m_ObjectHideFlags: 0
  m_CorrespondingSourceObject: {fileID: 0}
  m_PrefabInternal: {fileID: 100100000}
  serializedVersion: 6
  m_Component:
  - component: {fileID: 4094811766975404}
  - component: {fileID: 20205980201755102}
  - component: {fileID: 114313301952698618}
  - component: {fileID: 114006548451017152}
  m_Layer: 0
  m_Name: WormseyeCamera
  m_TagString: Untagged
  m_Icon: {fileID: 0}
  m_NavMeshLayer: 0
  m_StaticEditorFlags: 0
  m_IsActive: 0
--- !u!1 &1289399431446238
GameObject:
  m_ObjectHideFlags: 0
  m_CorrespondingSourceObject: {fileID: 0}
  m_PrefabInternal: {fileID: 100100000}
  serializedVersion: 6
  m_Component:
  - component: {fileID: 4162020869986400}
  - component: {fileID: 20283687913126194}
  - component: {fileID: 124532325617263350}
  - component: {fileID: 114660085105045910}
  m_Layer: 0
  m_Name: Main Camera
  m_TagString: MainCamera
  m_Icon: {fileID: 0}
  m_NavMeshLayer: 0
  m_StaticEditorFlags: 0
  m_IsActive: 1
--- !u!1 &1509354476535612
GameObject:
  m_ObjectHideFlags: 0
  m_CorrespondingSourceObject: {fileID: 0}
  m_PrefabInternal: {fileID: 100100000}
  serializedVersion: 6
  m_Component:
  - component: {fileID: 4018337080165574}
  - component: {fileID: 114314307447868634}
  m_Layer: 0
  m_Name: Cameras
  m_TagString: Untagged
  m_Icon: {fileID: 0}
  m_NavMeshLayer: 0
  m_StaticEditorFlags: 0
  m_IsActive: 1
--- !u!1 &1609543278298840
GameObject:
  m_ObjectHideFlags: 0
  m_CorrespondingSourceObject: {fileID: 0}
  m_PrefabInternal: {fileID: 100100000}
  serializedVersion: 6
  m_Component:
  - component: {fileID: 4681940766662684}
  - component: {fileID: 20964472159475050}
  - component: {fileID: 114906108662084412}
  - component: {fileID: 114211423283844202}
  m_Layer: 0
  m_Name: WideViewCamera
  m_TagString: Untagged
  m_Icon: {fileID: 0}
  m_NavMeshLayer: 0
  m_StaticEditorFlags: 0
  m_IsActive: 0
--- !u!1 &1648174560995724
GameObject:
  m_ObjectHideFlags: 0
  m_CorrespondingSourceObject: {fileID: 0}
  m_PrefabInternal: {fileID: 100100000}
  serializedVersion: 6
  m_Component:
  - component: {fileID: 4114553751116166}
  - component: {fileID: 20497070674769356}
  - component: {fileID: 114717354324504824}
  - component: {fileID: 114002742857927328}
  m_Layer: 0
  m_Name: BirdseyeCamera
  m_TagString: Untagged
  m_Icon: {fileID: 0}
  m_NavMeshLayer: 0
  m_StaticEditorFlags: 0
  m_IsActive: 0
--- !u!1 &1981186914813636
GameObject:
  m_ObjectHideFlags: 0
  m_CorrespondingSourceObject: {fileID: 0}
  m_PrefabInternal: {fileID: 100100000}
  serializedVersion: 6
  m_Component:
  - component: {fileID: 4947292620754664}
  - component: {fileID: 20249083439637156}
  - component: {fileID: 114511884128907358}
  - component: {fileID: 114042765648569366}
  m_Layer: 0
  m_Name: OrbitingCamera
  m_TagString: Untagged
  m_Icon: {fileID: 0}
  m_NavMeshLayer: 0
  m_StaticEditorFlags: 0
  m_IsActive: 0
--- !u!4 &4018337080165574
Transform:
  m_ObjectHideFlags: 1
  m_CorrespondingSourceObject: {fileID: 0}
  m_PrefabInternal: {fileID: 100100000}
  m_GameObject: {fileID: 1509354476535612}
  m_LocalRotation: {x: 0, y: 0, z: 0, w: 1}
  m_LocalPosition: {x: 0, y: 0, z: 0}
  m_LocalScale: {x: 1, y: 1, z: 1}
  m_Children:
  - {fileID: 4162020869986400}
  - {fileID: 4114553751116166}
  - {fileID: 4094811766975404}
  - {fileID: 4947292620754664}
  - {fileID: 4681940766662684}
  m_Father: {fileID: 0}
  m_RootOrder: 0
  m_LocalEulerAnglesHint: {x: 0, y: 0, z: 0}
--- !u!4 &4094811766975404
Transform:
  m_ObjectHideFlags: 1
  m_CorrespondingSourceObject: {fileID: 0}
  m_PrefabInternal: {fileID: 100100000}
  m_GameObject: {fileID: 1263675764437290}
  m_LocalRotation: {x: -0.7071068, y: -0, z: -0, w: 0.7071068}
  m_LocalPosition: {x: 0, y: -1, z: 0}
  m_LocalScale: {x: 1, y: 1, z: 1}
  m_Children: []
  m_Father: {fileID: 4018337080165574}
  m_RootOrder: 2
  m_LocalEulerAnglesHint: {x: -90, y: 0, z: 0}
--- !u!4 &4114553751116166
Transform:
  m_ObjectHideFlags: 1
  m_CorrespondingSourceObject: {fileID: 0}
  m_PrefabInternal: {fileID: 100100000}
  m_GameObject: {fileID: 1648174560995724}
  m_LocalRotation: {x: 0.7071068, y: -0, z: -0, w: 0.7071068}
  m_LocalPosition: {x: 0, y: 5, z: 0}
  m_LocalScale: {x: 1, y: 1, z: 1}
  m_Children: []
  m_Father: {fileID: 4018337080165574}
  m_RootOrder: 1
  m_LocalEulerAnglesHint: {x: 90, y: 0, z: 0}
--- !u!4 &4162020869986400
Transform:
  m_ObjectHideFlags: 1
  m_CorrespondingSourceObject: {fileID: 0}
  m_PrefabInternal: {fileID: 100100000}
  m_GameObject: {fileID: 1289399431446238}
  m_LocalRotation: {x: -0, y: -0, z: -0, w: 1}
  m_LocalPosition: {x: 0, y: 0.5, z: 0}
  m_LocalScale: {x: 1, y: 1, z: 1}
  m_Children: []
  m_Father: {fileID: 4018337080165574}
  m_RootOrder: 0
  m_LocalEulerAnglesHint: {x: 0, y: 0, z: 0}
--- !u!4 &4681940766662684
Transform:
  m_ObjectHideFlags: 1
  m_CorrespondingSourceObject: {fileID: 0}
  m_PrefabInternal: {fileID: 100100000}
  m_GameObject: {fileID: 1609543278298840}
  m_LocalRotation: {x: -0, y: -0, z: -0, w: 1}
  m_LocalPosition: {x: 0, y: 5, z: 0}
  m_LocalScale: {x: 1, y: 1, z: 1}
  m_Children: []
  m_Father: {fileID: 4018337080165574}
  m_RootOrder: 4
  m_LocalEulerAnglesHint: {x: 0, y: 0, z: 0}
--- !u!4 &4947292620754664
Transform:
  m_ObjectHideFlags: 1
  m_CorrespondingSourceObject: {fileID: 0}
  m_PrefabInternal: {fileID: 100100000}
  m_GameObject: {fileID: 1981186914813636}
  m_LocalRotation: {x: -0, y: -0, z: -0, w: 1}
  m_LocalPosition: {x: 0, y: 0, z: 0}
  m_LocalScale: {x: 1, y: 1, z: 1}
  m_Children: []
  m_Father: {fileID: 4018337080165574}
  m_RootOrder: 3
  m_LocalEulerAnglesHint: {x: 0, y: 0, z: 0}
--- !u!20 &20205980201755102
Camera:
  m_ObjectHideFlags: 1
  m_CorrespondingSourceObject: {fileID: 0}
  m_PrefabInternal: {fileID: 100100000}
  m_GameObject: {fileID: 1263675764437290}
  m_Enabled: 1
  serializedVersion: 2
  m_ClearFlags: 1
  m_BackGroundColor: {r: 0.19215687, g: 0.3019608, b: 0.4745098, a: 0}
  m_projectionMatrixMode: 1
  m_SensorSize: {x: 36, y: 24}
  m_LensShift: {x: 0, y: 0}
  m_FocalLength: 50
  m_NormalizedViewPortRect:
    serializedVersion: 2
    x: 0
    y: 0
    width: 1
    height: 1
  near clip plane: 0.3
  far clip plane: 1000
  field of view: 60
  orthographic: 0
  orthographic size: 5
  m_Depth: 0
  m_CullingMask:
    serializedVersion: 2
    m_Bits: 4294967295
  m_RenderingPath: -1
  m_TargetTexture: {fileID: 0}
  m_TargetDisplay: 0
  m_TargetEye: 3
  m_HDR: 1
  m_AllowMSAA: 1
  m_AllowDynamicResolution: 0
  m_ForceIntoRT: 0
  m_OcclusionCulling: 1
  m_StereoConvergence: 10
  m_StereoSeparation: 0.022
--- !u!20 &20249083439637156
Camera:
  m_ObjectHideFlags: 1
  m_CorrespondingSourceObject: {fileID: 0}
  m_PrefabInternal: {fileID: 100100000}
  m_GameObject: {fileID: 1981186914813636}
  m_Enabled: 1
  serializedVersion: 2
  m_ClearFlags: 1
  m_BackGroundColor: {r: 0.19215687, g: 0.3019608, b: 0.4745098, a: 0}
  m_projectionMatrixMode: 1
  m_SensorSize: {x: 36, y: 24}
  m_LensShift: {x: 0, y: 0}
  m_FocalLength: 50
  m_NormalizedViewPortRect:
    serializedVersion: 2
    x: 0
    y: 0
    width: 1
    height: 1
  near clip plane: 0.3
  far clip plane: 1000
  field of view: 60
  orthographic: 0
  orthographic size: 5
  m_Depth: 0
  m_CullingMask:
    serializedVersion: 2
    m_Bits: 4294967295
  m_RenderingPath: -1
  m_TargetTexture: {fileID: 0}
  m_TargetDisplay: 0
  m_TargetEye: 3
  m_HDR: 1
  m_AllowMSAA: 1
  m_AllowDynamicResolution: 0
  m_ForceIntoRT: 0
  m_OcclusionCulling: 1
  m_StereoConvergence: 10
  m_StereoSeparation: 0.022
--- !u!20 &20283687913126194
Camera:
  m_ObjectHideFlags: 1
  m_CorrespondingSourceObject: {fileID: 0}
  m_PrefabInternal: {fileID: 100100000}
  m_GameObject: {fileID: 1289399431446238}
  m_Enabled: 1
  serializedVersion: 2
  m_ClearFlags: 1
  m_BackGroundColor: {r: 0.20754719, g: 0.20754719, b: 0.20754719, a: 0}
  m_projectionMatrixMode: 1
  m_SensorSize: {x: 36, y: 24}
  m_LensShift: {x: 0, y: 0}
  m_FocalLength: 50
  m_NormalizedViewPortRect:
    serializedVersion: 2
    x: 0
    y: 0
    width: 1
    height: 1
  near clip plane: 0.3
  far clip plane: 1000
  field of view: 60
  orthographic: 0
  orthographic size: 5
  m_Depth: -1
  m_CullingMask:
    serializedVersion: 2
    m_Bits: 4294967295
  m_RenderingPath: -1
  m_TargetTexture: {fileID: 0}
  m_TargetDisplay: 0
  m_TargetEye: 3
  m_HDR: 1
  m_AllowMSAA: 0
  m_AllowDynamicResolution: 0
  m_ForceIntoRT: 0
  m_OcclusionCulling: 1
  m_StereoConvergence: 10
  m_StereoSeparation: 0.022
--- !u!20 &20497070674769356
Camera:
  m_ObjectHideFlags: 1
  m_CorrespondingSourceObject: {fileID: 0}
  m_PrefabInternal: {fileID: 100100000}
  m_GameObject: {fileID: 1648174560995724}
  m_Enabled: 1
  serializedVersion: 2
  m_ClearFlags: 1
  m_BackGroundColor: {r: 0.19215687, g: 0.3019608, b: 0.4745098, a: 0}
  m_projectionMatrixMode: 1
  m_SensorSize: {x: 36, y: 24}
  m_LensShift: {x: 0, y: 0}
  m_FocalLength: 50
  m_NormalizedViewPortRect:
    serializedVersion: 2
    x: 0
    y: 0
    width: 1
    height: 1
  near clip plane: 0.3
  far clip plane: 1000
  field of view: 60
  orthographic: 0
  orthographic size: 5
  m_Depth: 0
  m_CullingMask:
    serializedVersion: 2
    m_Bits: 4294967295
  m_RenderingPath: -1
  m_TargetTexture: {fileID: 0}
  m_TargetDisplay: 0
  m_TargetEye: 3
  m_HDR: 1
  m_AllowMSAA: 1
  m_AllowDynamicResolution: 0
  m_ForceIntoRT: 0
  m_OcclusionCulling: 1
  m_StereoConvergence: 10
  m_StereoSeparation: 0.022
--- !u!20 &20964472159475050
Camera:
  m_ObjectHideFlags: 1
  m_CorrespondingSourceObject: {fileID: 0}
  m_PrefabInternal: {fileID: 100100000}
  m_GameObject: {fileID: 1609543278298840}
  m_Enabled: 1
  serializedVersion: 2
  m_ClearFlags: 1
  m_BackGroundColor: {r: 0.19215687, g: 0.3019608, b: 0.4745098, a: 0}
  m_projectionMatrixMode: 1
  m_SensorSize: {x: 36, y: 24}
  m_LensShift: {x: 0, y: 0}
  m_FocalLength: 50
  m_NormalizedViewPortRect:
    serializedVersion: 2
    x: 0
    y: 0
    width: 1
    height: 1
  near clip plane: 0.3
  far clip plane: 1000
  field of view: 60
  orthographic: 0
  orthographic size: 5
  m_Depth: 0
  m_CullingMask:
    serializedVersion: 2
    m_Bits: 4294967295
  m_RenderingPath: -1
  m_TargetTexture: {fileID: 0}
  m_TargetDisplay: 0
  m_TargetEye: 3
  m_HDR: 1
  m_AllowMSAA: 1
  m_AllowDynamicResolution: 0
  m_ForceIntoRT: 0
  m_OcclusionCulling: 1
  m_StereoConvergence: 10
  m_StereoSeparation: 0.022
--- !u!114 &114002742857927328
MonoBehaviour:
  m_ObjectHideFlags: 1
  m_CorrespondingSourceObject: {fileID: 0}
  m_PrefabInternal: {fileID: 100100000}
  m_GameObject: {fileID: 1648174560995724}
  m_Enabled: 1
  m_EditorHideFlags: 0
  m_Script: {fileID: 11500000, guid: 739c4607eddaaf64db07411680ad7b72, type: 3}
  m_Name: 
  m_EditorClassIdentifier: 
  target: {fileID: 114717354324504824}
  showUI: 0
--- !u!114 &114006548451017152
MonoBehaviour:
  m_ObjectHideFlags: 1
  m_CorrespondingSourceObject: {fileID: 0}
  m_PrefabInternal: {fileID: 100100000}
  m_GameObject: {fileID: 1263675764437290}
  m_Enabled: 1
  m_EditorHideFlags: 0
  m_Script: {fileID: 11500000, guid: 739c4607eddaaf64db07411680ad7b72, type: 3}
  m_Name: 
  m_EditorClassIdentifier: 
  target: {fileID: 114313301952698618}
  showUI: 0
--- !u!114 &114042765648569366
MonoBehaviour:
  m_ObjectHideFlags: 1
  m_CorrespondingSourceObject: {fileID: 0}
  m_PrefabInternal: {fileID: 100100000}
  m_GameObject: {fileID: 1981186914813636}
  m_Enabled: 1
  m_EditorHideFlags: 0
  m_Script: {fileID: 11500000, guid: 739c4607eddaaf64db07411680ad7b72, type: 3}
  m_Name: 
  m_EditorClassIdentifier: 
  target: {fileID: 114511884128907358}
  showUI: 0
--- !u!114 &114211423283844202
MonoBehaviour:
  m_ObjectHideFlags: 1
  m_CorrespondingSourceObject: {fileID: 0}
  m_PrefabInternal: {fileID: 100100000}
  m_GameObject: {fileID: 1609543278298840}
  m_Enabled: 1
  m_EditorHideFlags: 0
  m_Script: {fileID: 11500000, guid: 739c4607eddaaf64db07411680ad7b72, type: 3}
  m_Name: 
  m_EditorClassIdentifier: 
  target: {fileID: 114906108662084412}
  showUI: 0
--- !u!114 &114313301952698618
MonoBehaviour:
  m_ObjectHideFlags: 1
  m_CorrespondingSourceObject: {fileID: 0}
  m_PrefabInternal: {fileID: 100100000}
  m_GameObject: {fileID: 1263675764437290}
  m_Enabled: 1
  m_EditorHideFlags: 0
  m_Script: {fileID: 11500000, guid: 50872b494dd1f9145b877fbdfa855927, type: 3}
  m_Name: 
  m_EditorClassIdentifier: 
  target: {fileID: 0}
  distance: 5
  maxDistance: 25
  minDistance: 0
  mouseControl: 1
  mouseAxisX: Mouse X
  mouseAxisY: Mouse Y
  mouseAxisZoom: Mouse ScrollWheel
  keyboardControl: 0
  kbPanAxisX: Horizontal
  kbPanAxisY: Vertical
  kbUseZoomAxis: 0
  zoomInKey: 114
  zoomOutKey: 102
  kbZoomAxisName: 
  initialAngleX: -90
  initialAngleY: 0
  invertAxisX: 0
  invertAxisY: 0
  invertAxisZoom: 0
  xSpeed: 0
  ySpeed: 0
  zoomSpeed: 5
  dampeningX: 0.9
  dampeningY: 0.9
  smoothingZoom: 0.1
  limitY: 1
  yMinLimit: -60
  yMaxLimit: 60
  yLimitOffset: 0
  limitX: 0
  xMinLimit: -60
  xMaxLimit: 60
  xLimitOffset: 0
  clickToRotate: 1
  leftClickToRotate: 1
  rightClickToRotate: 0
  autoRotateOn: 1
  autoRotateReverse: 0
  autoRotateSpeed: 0.1
  SpinEnabled: 0
  spinUseAxis: 0
  spinKey: 306
  spinAxis: 
  maxSpinSpeed: 3
  cameraCollision: 0
  collisionRadius: 0.25
  invertXValue: 1
  invertYValue: 1
  invertZoomValue: 1
  autoRotateReverseValue: 1
--- !u!114 &114314307447868634
MonoBehaviour:
  m_ObjectHideFlags: 1
  m_CorrespondingSourceObject: {fileID: 0}
  m_PrefabInternal: {fileID: 100100000}
  m_GameObject: {fileID: 1509354476535612}
  m_Enabled: 1
  m_EditorHideFlags: 0
  m_Script: {fileID: 11500000, guid: d6be9f77d877444099831343a7fa4bc6, type: 3}
  m_Name: 
  m_EditorClassIdentifier: 
  headsetRenderer: {fileID: 0}
  presetCameras:
  - {fileID: 20283687913126194}
  - {fileID: 20249083439637156}
  - {fileID: 20497070674769356}
  - {fileID: 20205980201755102}
  - {fileID: 20964472159475050}
  debugCanvas: {fileID: 0}
  target: {fileID: 0}
  camNameText: {fileID: 0}
  showDebugMenu: 1
--- !u!114 &114511884128907358
MonoBehaviour:
  m_ObjectHideFlags: 1
  m_CorrespondingSourceObject: {fileID: 0}
  m_PrefabInternal: {fileID: 100100000}
  m_GameObject: {fileID: 1981186914813636}
  m_Enabled: 1
  m_EditorHideFlags: 0
  m_Script: {fileID: 11500000, guid: 50872b494dd1f9145b877fbdfa855927, type: 3}
  m_Name: 
  m_EditorClassIdentifier: 
  target: {fileID: 0}
  distance: 10
  maxDistance: 25
  minDistance: 5
  mouseControl: 1
  mouseAxisX: Mouse X
  mouseAxisY: Mouse Y
  mouseAxisZoom: Mouse ScrollWheel
  keyboardControl: 0
  kbPanAxisX: Horizontal
  kbPanAxisY: Vertical
  kbUseZoomAxis: 0
  zoomInKey: 114
  zoomOutKey: 102
  kbZoomAxisName: 
  initialAngleX: 0
  initialAngleY: 0
  invertAxisX: 0
  invertAxisY: 0
  invertAxisZoom: 0
  xSpeed: 1
  ySpeed: 1
  zoomSpeed: 5
  dampeningX: 0.9
  dampeningY: 0.9
  smoothingZoom: 0.1
  limitY: 1
  yMinLimit: -60
  yMaxLimit: 60
  yLimitOffset: 0
  limitX: 0
  xMinLimit: -60
  xMaxLimit: 60
  xLimitOffset: 0
  clickToRotate: 1
  leftClickToRotate: 0
  rightClickToRotate: 1
  autoRotateOn: 1
  autoRotateReverse: 0
  autoRotateSpeed: 1
  SpinEnabled: 0
  spinUseAxis: 0
  spinKey: 306
  spinAxis: 
  maxSpinSpeed: 3
  cameraCollision: 0
  collisionRadius: 0.25
  invertXValue: 1
  invertYValue: 1
  invertZoomValue: 1
  autoRotateReverseValue: 1
--- !u!114 &114660085105045910
MonoBehaviour:
  m_ObjectHideFlags: 1
  m_CorrespondingSourceObject: {fileID: 0}
  m_PrefabInternal: {fileID: 100100000}
  m_GameObject: {fileID: 1289399431446238}
  m_Enabled: 1
  m_EditorHideFlags: 0
  m_Script: {fileID: 11500000, guid: da9bfc4996f2e8042aae147f0d11a902, type: 3}
  m_Name: 
  m_EditorClassIdentifier: 
  scaling: 0.25
--- !u!114 &114717354324504824
MonoBehaviour:
  m_ObjectHideFlags: 1
  m_CorrespondingSourceObject: {fileID: 0}
  m_PrefabInternal: {fileID: 100100000}
  m_GameObject: {fileID: 1648174560995724}
  m_Enabled: 1
  m_EditorHideFlags: 0
  m_Script: {fileID: 11500000, guid: 50872b494dd1f9145b877fbdfa855927, type: 3}
  m_Name: 
  m_EditorClassIdentifier: 
  target: {fileID: 0}
  distance: 15
  maxDistance: 30
  minDistance: 1
  mouseControl: 1
  mouseAxisX: Mouse X
  mouseAxisY: Mouse Y
  mouseAxisZoom: Mouse ScrollWheel
  keyboardControl: 0
  kbPanAxisX: Horizontal
  kbPanAxisY: Vertical
  kbUseZoomAxis: 0
  zoomInKey: 114
  zoomOutKey: 102
  kbZoomAxisName: 
  initialAngleX: 90
  initialAngleY: 0
  invertAxisX: 0
  invertAxisY: 0
  invertAxisZoom: 0
  xSpeed: 0
  ySpeed: 0
  zoomSpeed: 5
  dampeningX: 0.9
  dampeningY: 0.9
  smoothingZoom: 0.1
  limitY: 1
  yMinLimit: -60
  yMaxLimit: 60
  yLimitOffset: 0
  limitX: 0
  xMinLimit: -60
  xMaxLimit: 60
  xLimitOffset: 0
  clickToRotate: 1
  leftClickToRotate: 1
  rightClickToRotate: 0
  autoRotateOn: 1
  autoRotateReverse: 0
  autoRotateSpeed: 0.1
  SpinEnabled: 0
  spinUseAxis: 0
  spinKey: 306
  spinAxis: 
  maxSpinSpeed: 3
  cameraCollision: 0
  collisionRadius: 0.25
  invertXValue: 1
  invertYValue: 1
  invertZoomValue: 1
  autoRotateReverseValue: 1
--- !u!114 &114906108662084412
MonoBehaviour:
  m_ObjectHideFlags: 1
  m_CorrespondingSourceObject: {fileID: 0}
  m_PrefabInternal: {fileID: 100100000}
  m_GameObject: {fileID: 1609543278298840}
  m_Enabled: 1
  m_EditorHideFlags: 0
  m_Script: {fileID: 11500000, guid: 50872b494dd1f9145b877fbdfa855927, type: 3}
  m_Name: 
  m_EditorClassIdentifier: 
  target: {fileID: 0}
  distance: 15
  maxDistance: 25
  minDistance: 1
  mouseControl: 1
  mouseAxisX: Mouse X
  mouseAxisY: Mouse Y
  mouseAxisZoom: Mouse ScrollWheel
  keyboardControl: 0
  kbPanAxisX: Horizontal
  kbPanAxisY: Vertical
  kbUseZoomAxis: 0
  zoomInKey: 114
  zoomOutKey: 102
  kbZoomAxisName: 
  initialAngleX: 0
  initialAngleY: 0
  invertAxisX: 0
  invertAxisY: 0
  invertAxisZoom: 0
  xSpeed: 0
  ySpeed: 0
  zoomSpeed: 5
  dampeningX: 0.9
  dampeningY: 0.9
  smoothingZoom: 0.1
  limitY: 1
  yMinLimit: -60
  yMaxLimit: 60
  yLimitOffset: 0
  limitX: 0
  xMinLimit: -60
  xMaxLimit: 60
  xLimitOffset: 0
  clickToRotate: 1
  leftClickToRotate: 1
  rightClickToRotate: 0
  autoRotateOn: 0
  autoRotateReverse: 0
  autoRotateSpeed: 0.1
  SpinEnabled: 0
  spinUseAxis: 0
  spinKey: 306
  spinAxis: 
  maxSpinSpeed: 3
  cameraCollision: 0
  collisionRadius: 0.25
  invertXValue: 1
  invertYValue: 1
  invertZoomValue: 1
  autoRotateReverseValue: 1
--- !u!124 &124532325617263350
Behaviour:
  m_ObjectHideFlags: 1
  m_CorrespondingSourceObject: {fileID: 0}
  m_PrefabInternal: {fileID: 100100000}
  m_GameObject: {fileID: 1289399431446238}
  m_Enabled: 1
